Workbook

Sheet Profit & Loss Statement 1
F3: PROFIT & LOSS STATEMENT
D5: Company Name | F5: Period Covered
D6: PATTON SHOP | F6: 2050-2051
D7: Prepared by | F7: Date Prepared
D8: Mr. Smith | F8: 55001
C10: REVENUE
C11: Description | D11: FY [October 2050] | F11: FY [October 2051]
C12: Frozen Meat | D12: 25500000 | F12: 30500000
C13: Dry Goods | D13: 30500000 | F13: 32500000
C14: Beverages | D14: 45000000 | F14: 47500000
C15: GROSS REVENUE | D15: =SUM(D12:E14) -> 101000000 | F15: =SUM(F12:F14) -> 110500000
C17: COST OF GOODS SOLD (COGS)
C18: Description | D18: FY [October 2050] | F18: FY [October 2051]
C19: Frozen Meat | D19: 5750000 | F19: 6500000
C20: Beverages (Non-Alcoholic) | D20: 2500000 | F20: 2500000
C21: Beverages (Alcoholic) | D21: 2750000 | F21: 2750000
C22: Cookies & Biscuits | D22: 80500 | F22: 80700
C23: Chips | D23: 150000 | F23: 150200
C24: TOTAL COGS | D24: =SUM(D19:E23) -> 11230500 | F24: =SUM(F19:F23) -> 11980900
C25: GROSS PROFIT | D25: =D15-D24 -> 89769500 | F25: =F15-F24 -> 98519100
C27: EXPENSES
C29: Salaries & Wages | D29: 500000 | F29: 500000
C30: Benefits and Insurance | D30: 150000 | F30: 150000
C31: Computer and IT Services | D31: 3500 | F31: 3500
C32: Office Supplies | D32: 1500 | F32: 1500
C33: Professional Services | D33: 5500 | F33: 5500
C34: Repairs & Maintenance | D34: 4500 | F34: 5000
C35: Occupancy | D35: 8000 | F35: 8000
C36: Utilities | D36: 5400 | F36: 6500
C37: Debts & Loans | D37: 2500 | F37: 2500
C38: TOTAL EXPENSES | D38: =SUM(D29:E37) -> 680900 | F38: =SUM(F29:F37) -> 682500
C39: NET PROFIT (LOSS) | D39: =D25-D38 -> 89088600 | F39: =F25-F38 -> 97836600

Sheet MAANDELIJKS OVERZICHT
B1: MAANDELIJKS WINST- EN VERLIESOVERZICHT | F1: BEDRIJFSNAAM : | G1: PATTON WINKEL
A3: BIJZONDERHEDEN | B3: 25 januari | C3: 25 Februari | D3: 25 maart | E3: 25 april | F3: 25 Kunnen | G3: Jun-25 | BM3: MAAND | BN3: 25 Januari | BO3: 25 Februari | BP3: 25 Maart | BQ3: 25 April | BR3: 25 Kunnen | BS3: 45833 | BT3: 45863 | BU3: 25 Augustus | BV3: 25 September | BW3: 25 Oktober | BX3: 25 November | BY3: 25 December
A4: TOTALE ONTVANGSTEN | B4: =+'MAANDELIJKS DETAILSBLAD'!B8 -> 101000000 | C4: =+'MAANDELIJKS DETAILSBLAD'!C8 -> 3024595 | D4: =+'MAANDELIJKS DETAILSBLAD'!D8 -> 56882309 | E4: =+'MAANDELIJKS DETAILSBLAD'!E8 -> 651626 | F4: =+'MAANDELIJKS DETAILSBLAD'!F8 -> 56882309 | G4: =+'MAANDELIJKS DETAILSBLAD'!G8 -> 56882309 | BM4: TOTALE ONTVANGSTEN | BN4: =+Table1[[#This Row],[25 januari]] -> 101000000 | BO4: =+Table1[[#This Row],[25 Februari]] -> 3024595 | BP4: =+Table1[[#This Row],[25 maart]] -> 56882309 | BQ4: =+Table1[[#This Row],[25 april]] -> 651626 | BR4: =+Table1[[#This Row],[25 Kunnen]] -> 56882309 | BS4: =+Table1[[#This Row],[Jun-25]] -> 56882309 | BT4: =+B9 -> 56882309 | BU4: =+C9 -> 56882309 | BV4: =+D9 -> 56882309 | BW4: =+E9 -> 56882309 | BX4: =+F9 -> 56882309 | BY4: =+G9 -> 56882309
A5: TOTAAL TANDWIELEN+UITGAVEN | B5: =+'MAANDELIJKS DETAILSBLAD'!O15 -> 11911400 | C5: =+'MAANDELIJKS DETAILSBLAD'!P15 -> 9495876 | D5: =+'MAANDELIJKS DETAILSBLAD'!Q15 -> 9356920 | E5: =+'MAANDELIJKS DETAILSBLAD'!R15 -> 9962120 | F5: =+'MAANDELIJKS DETAILSBLAD'!S15 -> 9962120 | G5: =+'MAANDELIJKS DETAILSBLAD'!T15 -> 9962120 | BM5: TOTAAL TANDWIELEN+UITGAVEN | BN5: =+Table1[[#This Row],[25 januari]] -> 11911400 | BO5: =+Table1[[#This Row],[25 Februari]] -> 9495876 | BP5: =+Table1[[#This Row],[25 maart]] -> 9356920 | BQ5: =+Table1[[#This Row],[25 april]] -> 9962120 | BR5: =+Table1[[#This Row],[25 Kunnen]] -> 9962120 | BS5: =+Table1[[#This Row],[Jun-25]] -> 9962120 | BT5: =+B10 -> 9962120 | BU5: =+C10 -> 9962120 | BV5: =+D10 -> 9962120 | BW5: =+E10 -> 9962120 | BX5: =+F10 -> 9962120 | BY5: =+G10 -> 9962120
A6: TOTALE WINST EN VERLIES | B6: =+'MAANDELIJKS DETAILSBLAD'!B30 -> 89088600 | C6: =+'MAANDELIJKS DETAILSBLAD'!C30 -> -6471281 | D6: =+'MAANDELIJKS DETAILSBLAD'!D30 -> 47525389 | E6: =+'MAANDELIJKS DETAILSBLAD'!E30 -> -9310494 | F6: =+'MAANDELIJKS DETAILSBLAD'!F30 -> 46920189 | G6: =+'MAANDELIJKS DETAILSBLAD'!G30 -> 46920189 | BM6: TOTALE WINST EN VERLIES | BN6: =+Table1[[#This Row],[25 januari]] -> 89088600 | BO6: =+Table1[[#This Row],[25 Februari]] -> -6471281 | BP6: =+Table1[[#This Row],[25 maart]] -> 47525389 | BQ6: =+Table1[[#This Row],[25 april]] -> -9310494 | BR6: =+Table1[[#This Row],[25 Kunnen]] -> 46920189 | BS6: =+Table1[[#This Row],[Jun-25]] -> 46920189 | BT6: =+B11 -> 46920189 | BU6: =+C11 -> 46920189 | BV6: =+D11 -> 46920189 | BW6: =+E11 -> 46920189 | BX6: =+F11 -> 46920189 | BY6: =+G11 -> 46920189
A8: BIJZONDERHEDEN | B8: Jul-25 | C8: 25 augustus | D8: 25 september | E8: 25 oktober | F8: 25 November | G8: 25 December
A9: TOTALE ONTVANGSTEN | B9: =+'MAANDELIJKS DETAILSBLAD'!H8 -> 56882309 | C9: =+'MAANDELIJKS DETAILSBLAD'!I8 -> 56882309 | D9: =+'MAANDELIJKS DETAILSBLAD'!J8 -> 56882309 | E9: =+'MAANDELIJKS DETAILSBLAD'!K8 -> 56882309 | F9: =+'MAANDELIJKS DETAILSBLAD'!L8 -> 56882309 | G9: =+'MAANDELIJKS DETAILSBLAD'!M8 -> 56882309
A10: TOTAAL TANDWIELEN+UITGAVEN | B10: =+'MAANDELIJKS DETAILSBLAD'!U15 -> 9962120 | C10: =+'MAANDELIJKS DETAILSBLAD'!V15 -> 9962120 | D10: =+'MAANDELIJKS DETAILSBLAD'!W15 -> 9962120 | E10: =+'MAANDELIJKS DETAILSBLAD'!X15 -> 9962120 | F10: =+'MAANDELIJKS DETAILSBLAD'!Y15 -> 9962120 | G10: =+'MAANDELIJKS DETAILSBLAD'!Z15 -> 9962120
A11: TOTALE WINST EN VERLIES | B11: =+'MAANDELIJKS DETAILSBLAD'!H30 -> 46920189 | C11: =+'MAANDELIJKS DETAILSBLAD'!I30 -> 46920189 | D11: =+'MAANDELIJKS DETAILSBLAD'!J30 -> 46920189 | E11: =+'MAANDELIJKS DETAILSBLAD'!K30 -> 46920189 | F11: =+'MAANDELIJKS DETAILSBLAD'!L30 -> 46920189 | G11: =+'MAANDELIJKS DETAILSBLAD'!M30 -> 46920189

Sheet MAANDELIJKS DETAILSBLAD
D1: MAANDELIJKSE DETAILS OVER INKOMSTEN EN UITGAVEN | J1: BEDRIJFSNAAM : | L1: PATTON HOEK
A3: INKOMSTEN
A4: Beschrijving | B4: 45682 | C4: 45713 | D4: 45741 | E4: 45772 | F4: 45802 | G4: 45833 | H4: 45863 | I4: 45894 | J4: 45925 | K4: 45955 | L4: 45986 | M4: 46016
A5: Bevroren vlees | B5: 25500000 | C5: 24561 | D5: 24561 | E5: 545222 | F5: 24561 | G5: 24561 | H5: 24561 | I5: 24561 | J5: 24561 | K5: 24561 | L5: 24561 | M5: 24561
A6: Droge goederen | B6: 30500000 | C6: 554522 | D6: 54412236 | E6: 48852 | F6: 54412236 | G6: 54412236 | H6: 54412236 | I6: 54412236 | J6: 54412236 | K6: 54412236 | L6: 54412236 | M6: 54412236
A7: Dranken | B7: 45000000 | C7: 2445512 | D7: 2445512 | E7: 57552 | F7: 2445512 | G7: 2445512 | H7: 2445512 | I7: 2445512 | J7: 2445512 | K7: 2445512 | L7: 2445512 | M7: 2445512
A8: TOTALE ONTVANGSTEN | B8: =+SUM(B5:B7) -> 101000000 | C8: =+SUM(C5:C7) -> 3024595 | D8: =+SUM(D5:D7) -> 56882309 | E8: =+SUM(E5:E7) -> 651626 | F8: =+SUM(F5:F7) -> 56882309 | G8: =+SUM(G5:G7) -> 56882309 | H8: =+SUM(H5:H7) -> 56882309 | I8: =+SUM(I5:I7) -> 56882309 | ... M8: =+SUM(M5:M7) -> 56882309
A10: KOSTEN VAN VERKOCHTE GOEDEREN (COGS
A11: Bevroren vlees | B11: 5750000 | C11: 5750000 | D11: 5750000 | E11: 5750000 | F11: 5750000 | G11: 5750000 | H11: 5750000 | I11: 5750000 | J11: 5750000 | K11: 5750000 | L11: 5750000 | M11: 5750000
A12: Dranken (niet-alcoholisch) | B12: 2500000 | C12: 24512 | D12: 2500000 | E12: 2500000 | F12: 2500000 | G12: 2500000 | H12: 2500000 | I12: 2500000 | J12: 2500000 | K12: 2500000 | L12: 2500000 | M12: 2500000
A13: Dranken (alcoholisch) | B13: 2750000 | C13: 2750000 | D13: 51145 | E13: 51145 | F13: 51145 | G13: 51145 | H13: 51145 | I13: 51145 | J13: 51145 | K13: 51145 | L13: 51145 | M13: 51145
A14: Koekjes & Koekjes | B14: 80500 | C14: 80500 | D14: 80500 | E14: 415789 | F14: 415789 | G14: 415789 | H14: 415789 | I14: 415789 | J14: 415789 | K14: 415789 | L14: 415789 | M14: 415789
A15: Friet | B15: 150000 | C15: 150000 | D15: 150000 | E15: 150000 | F15: 150000 | G15: 150000 | H15: 150000 | I15: 150000 | J15: 150000 | K15: 150000 | L15: 150000 | M15: 150000 | O15: =+B16+B28 -> 11911400 | P15: =+C16+C28 -> 9495876 | Q15: =+D16+D28 -> 9356920 | R15: =+E16+E28 -> 9962120 | S15: =+F16+F28 -> 9962120 | T15: =+G16+G28 -> 9962120 | U15: =+H16+H28 -> 9962120 | V15: =+I16+I28 -> 9962120 | ... Z15: =+M16+M28 -> 9962120
A16: TOTAAL TANDWIELEN | B16: =+SUM(B11:B15) -> 11230500 | C16: =+SUM(C11:C15) -> 8755012 | D16: =+SUM(D11:D15) -> 8531645 | E16: =+SUM(E11:E15) -> 8866934 | F16: =+SUM(F11:F15) -> 8866934 | G16: =+SUM(G11:G15) -> 8866934 | H16: =+SUM(H11:H15) -> 8866934 | I16: =+SUM(I11:I15) -> 8866934 | ... M16: =+SUM(M11:M15) -> 8866934
A18: UITGAVEN
A19: Salarissen en lonen | B19: 500000 | C19: 500000 | D19: 500000 | E19: 500000 | F19: 500000 | G19: 500000 | H19: 500000 | I19: 500000 | J19: 500000 | K19: 500000 | L19: 500000 | M19: 500000
A20: Voordelen en verzekeringen | B20: 150000 | C20: 150000 | D20: 150000 | E20: 150000 | F20: 150000 | G20: 150000 | H20: 150000 | I20: 150000 | J20: 150000 | K20: 150000 | L20: 150000 | M20: 150000
A21: Computer- en IT-diensten | B21: 3500 | C21: 3500 | D21: 3500 | E21: 3500 | F21: 3500 | G21: 3500 | H21: 3500 | I21: 3500 | J21: 3500 | K21: 3500 | L21: 3500 | M21: 3500
A22: Kantoorbenodigdheden | B22: 1500 | C22: 1500 | D22: 145875 | E22: 415786 | F22: 415786 | G22: 415786 | H22: 415786 | I22: 415786 | J22: 415786 | K22: 415786 | L22: 415786 | M22: 415786
A23: Professionele diensten | B23: 5500 | C23: 65464 | D23: 5500 | E23: 5500 | F23: 5500 | G23: 5500 | H23: 5500 | I23: 5500 | J23: 5500 | K23: 5500 | L23: 5500 | M23: 5500
A24: Reparaties en onderhoud | B24: 4500 | C24: 4500 | D24: 4500 | E24: 4500 | F24: 4500 | G24: 4500 | H24: 4500 | I24: 4500 | J24: 4500 | K24: 4500 | L24: 4500 | M24: 4500
A25: Bezetting | B25: 8000 | C25: 8000 | D25: 8000 | E25: 8000 | F25: 8000 | G25: 8000 | H25: 8000 | I25: 8000 | J25: 8000 | K25: 8000 | L25: 8000 | M25: 8000
A26: Utilities | B26: 5400 | C26: 5400 | D26: 5400 | E26: 5400 | F26: 5400 | G26: 5400 | H26: 5400 | I26: 5400 | J26: 5400 | K26: 5400 | L26: 5400 | M26: 5400
A27: Schulden en leningen | B27: 2500 | C27: 2500 | D27: 2500 | E27: 2500 | F27: 2500 | G27: 2500 | H27: 2500 | I27: 2500 | J27: 2500 | K27: 2500 | L27: 2500 | M27: 2500
A28: TOTALE UITGAVEN | B28: =+SUM(B19:B27) -> 680900 | C28: =+SUM(C19:C27) -> 740864 | D28: =+SUM(D19:D27) -> 825275 | E28: =+SUM(E19:E27) -> 1095186 | F28: =+SUM(F19:F27) -> 1095186 | G28: =+SUM(G19:G27) -> 1095186 | H28: =+SUM(H19:H27) -> 1095186 | I28: =+SUM(I19:I27) -> 1095186 | ... M28: =+SUM(M19:M27) -> 1095186
A30: TOTALE WINST EN VERLIES | B30: =+B8-(B16+B28) -> 89088600 | C30: =+C8-(C16+C28) -> -6471281 | D30: =+D8-(D16+D28) -> 47525389 | E30: =+E8-(E16+E28) -> -9310494 | F30: =+F8-(F16+F28) -> 46920189 | G30: =+G8-(G16+G28) -> 46920189 | H30: =+H8-(H16+H28) -> 46920189 | I30: =+I8-(I16+I28) -> 46920189 | ... M30: =+M8-(M16+M28) -> 46920189

Sheet Profit & Loss Statement 2
H3: PROFIT & LOSS STATEMENT
D4: Company Name | F4: Period Covered
D5: PATTON SHOP | F5: 2050-2051
D6: Prepared by | F6: Date Prepared
D7: Mr. Smith | F7: 55001
C9: REVENUE
C10: Description | D10: FY [December 2050] | F10: % | H10: FY [December 2051] | I10: %
C11: Frozen Meat | D11: 25500000 | F11: =D11/$D$14 -> 0.25247525 | H11: 30500000 | I11: =H11/$H$14 -> 0.2760181
C12: Dry Goods | D12: 30500000 | F12: =D12/$D$14 -> 0.3019802 | H12: 32500000 | I12: =H12/$H$14 -> 0.29411765
C13: Beverages | D13: 45000000 | F13: =D13/$D$14 -> 0.44554455 | H13: 47500000 | I13: =H13/$H$14 -> 0.42986425
C14: GROSS REVENUE | D14: =SUM(D11:E13) -> 101000000 | F14: =SUM(F11:G13) -> 1 | H14: =SUM(H11:H13) -> 110500000 | I14: =SUM(I11:I13) -> 1
C16: COST OF GOODS SOLD (COGS)
C17: Description | D17: FY [October 2050] | F17: % | H17: FY [October 2051] | I17: %
C18: Frozen Meat | D18: 5750000 | F18: =D18/$D$14 -> 0.056930693 | H18: 6500000 | I18: =H18/$H$14 -> 0.058823529
C19: Beverages (Non-Alcoholic) | D19: 2500000 | F19: =D19/$D$14 -> 0.024752475 | H19: 2500000 | I19: =H19/$H$14 -> 0.022624434
C20: Beverages (Alcoholic) | D20: 2750000 | F20: =D20/$D$14 -> 0.027227723 | H20: 2750000 | I20: =H20/$H$14 -> 0.024886878
C21: Cookies & Biscuits | D21: 80500 | F21: =D21/$D$14 -> 0.0007970297 | H21: 80700 | I21: =H21/$H$14 -> 0.00073031674
C22: Chips | D22: 150000 | F22: =D22/$D$14 -> 0.0014851485 | H22: 150200 | I22: =H22/$H$14 -> 0.001359276
C23: TOTAL COGS | D23: =SUM(D18:E22) -> 11230500 | F23: =SUM(F18:G22) -> 0.11119307 | H23: =SUM(H18:H22) -> 11980900 | I23: =SUM(I18:I22) -> 0.10842443
C24: GROSS PROFIT | D24: =D14-D23 -> 89769500 | F24: =F14-F23 -> 0.88880693 | H24: =H14-H23 -> 98519100 | I24: =I14-I23 -> 0.89157557
C26: EXPENSES
C28: Salaries & Wages | D28: 500000 | F28: =D28/$D$37 -> 0.73432222 | H28: 500000 | I28: =H28/$H$37 -> 0.73260073
C29: Benefits and Insurance | D29: 150000 | F29: =D29/$D$37 -> 0.22029667 | H29: 150000 | I29: =H29/$H$37 -> 0.21978022
C30: Computer and IT Services | D30: 3500 | F30: =D30/$D$37 -> 0.0051402555 | H30: 3500 | I30: =H30/$H$37 -> 0.0051282051
C31: Office Supplies | D31: 1500 | F31: =D31/$D$37 -> 0.0022029667 | H31: 1500 | I31: =H31/$H$37 -> 0.0021978022
C32: Professional Services | D32: 5500 | F32: =D32/$D$37 -> 0.0080775444 | H32: 5500 | I32: =H32/$H$37 -> 0.0080586081
C33: Repairs & Maintenance | D33: 4500 | F33: =D33/$D$37 -> 0.0066089 | H33: 5000 | I33: =H33/$H$37 -> 0.0073260073
C34: Occupancy | D34: 8000 | F34: =D34/$D$37 -> 0.011749156 | H34: 8000 | I34: =H34/$H$37 -> 0.011721612
C35: Utilities | D35: 5400 | F35: =D35/$D$37 -> 0.00793068 | H35: 6500 | I35: =H35/$H$37 -> 0.0095238095
C36: Debts & Loans | D36: 2500 | F36: =D36/$D$38 -> 2.8061952e-05 | H36: 2500 | I36: =H36/H38 -> 2.5552809e-05
C37: TOTAL EXPENSES | D37: =SUM(D28:E36) -> 680900 | F37: =SUM(F28:G36) -> 0.99635645 | H37: =SUM(H28:H36) -> 682500 | I37: =SUM(I28:I36) -> 0.99636255
C38: NET PROFIT (LOSS) | D38: =D24-D37 -> 89088600 | H38: =H24-H37 -> 97836600

Sheet Instructions
B11: The following are instructions on how to use the template.
B13: 1. Edit or add content like inserting rows and columns to the template.
B14: 2. There are no locked-up cells for easier editing of cell names.
B15: 3. All text or numbers in bold are auto-formulated.
B16: 4. Red highlights in the cells are negative numbers. To remove the conditional formatting watch this
B17: 5. Feel free to change any formula.
B19: Should you need assistance, please contact our Customer Support Team using the chat box found on the website.
